 Dungeon Crawl Stone Soup version 0.17.0-18-gaab0e96 (console) character file.

72 gw the Twirler (level 4, 0/37 HPs)
             Began as a Minotaur Gladiator on Nov 11, 2015.
             Succumbed to a kobold's poison
             ... on level 3 of the Dungeon.
             The game lasted 00:02:25 (2319 turns).

gw the Twirler (Minotaur Gladiator)                 Turns: 2319, Time: 00:02:25

Health: 0/37       AC: 12    Str: 20    XL:     4   Next: 7%
Magic:  3/3        EV:  6    Int:  5    God:
Gold:   113        SH:  0    Dex: 11    Spells: 0 memorised, 3 levels left

rFire  . . .     SeeInvis .     a - +0 quarterstaff
rCold  . . .     Clarity  .     j - +0 plate armour
rNeg   . . .     SustAt   .     (shield currently unavailable)
rPois  .         Gourm    .     c - +0 hat
rElec  .         Spirit   .     h - +0 cloak
rCorr  .         Warding  .     (no gloves)
rMut   .         Stasis   .     (no boots)
MR     .....                    (no amulet)
Stlth  ..........               (no ring)
                                (no ring)

@: lethally poisoned (0 -> -1), not resistant to hostile enchantments, extremely
unstealthy
A: retaliatory headbutt, horns 2
a: no special abilities


You were on level 3 of the Dungeon.
You were not hungry.

You visited 1 branch of the dungeon, and saw 3 of its levels.

You collected 113 gold pieces.

Inventory:

Hand Weapons
 a - a +0 quarterstaff (weapon)
Missiles
 d - 3 throwing nets
 f - 45 stones
 g - 22 poisoned needles
 i - 4 tomahawks (quivered)
Armour
 c - a +0 hat (worn)
 h - a +0 cloak (worn)
 j - a +0 plate armour (worn)
Comestibles
 e - 3 bread rations


   Skills:
 + Level 2.8 Fighting
 * Level 4.7 Staves
 + Level 2.6 Throwing
 + Level 2.1 Armour
 - Level 3.2 Dodging


You had 3 spell levels left.
You didn't know any spells.

Dungeon Overview and Level Annotations

Branches:
Dungeon (3/15)

Altars:


Innate Abilities, Weirdness & Mutations

You reflexively headbutt those who attack you in melee.
You have a pair of horns on your head.


Message History

You swing at nothing.
Unknown command.
Unknown command.
Unknown command.
Unknown command.
ATTACKING (0,1)
You swing at nothing.
Unknown command.
Unknown command.
Unknown command.
Unknown command.
ATTACKING (0,1)
You swing at nothing.
Unknown command.
Unknown command.
Unknown command.
Unknown command.
ATTACKING (-1,0)
You swing at nothing.
You die...

.......
#.####.##.#..
..(..
.........#.#..
..(..
#..####..#.##.
...(.
#..........##.
#K#.#
#.#####%.####.
#.#r#
#.........# #.
#.#.#
########..# #.
#.#.### #..# #.
#[.))H# #..####
.........#.#
#......
##########.#
##.#### #...#
#.# #.### #.#
#.# #.# #.# #.#
#.#
##########.####
##)#
#..............


There were no monsters in sight!

Table legend:
 A = Turns spent in this place as a percentage of turns spent in the entire game.
 B = Non-inter-level travel turns spent in this place as a percentage of non-inter-level travel turns spent in the entire game.
 C = Inter-level travel turns spent in this place as a percentage of turns spent in this place.
 D = Turns resting spent in this place as a percentage of non-inter-level travel turns spent in this place.
 E = Turns spent auto-exploring this place as a percentage of non-inter-level travel turns spent in this place.
 F = Non-inter-level travel turns spent in this place divided by the number of levels of this place that you've seen.
                   A       B       C       D       E      F
               +-------+-------+-------+-------+-------+----------------------
         Total | 100.0 | 100.0 |   0.6 |   0.7 |   2.6 | 1161.7
       Dungeon | 100.0 | 100.0 |   0.6 |   0.7 |   2.6 | 1161.7
               +-------+-------+-------+-------+-------+----------------------

Table legend:
 A = Kills in this place as a percentage of kills in entire the game.
 B = Kills by you in this place as a percentage of kills by you in the entire game.
 C = Kills by friends in this place as a percentage of kills by friends in the entire game.
 D = Other kills in this place as a percentage of other kills in the entire game.
 E = Experience gained in this place as a percentage of experience gained in the entire game.
 F = Experience gained in this place divided by the number of levels of this place that you have seen.
                   A       B       C       D       E      F
               +-------+-------+-------+-------+-------+----------------------
         Total | 100.0 | 100.0 |  -nan |  -nan | 100.0 |  34.7
       Dungeon | 100.0 | 100.0 |  -nan |  -nan | 100.0 |  34.7
               +-------+-------+-------+-------+-------+----------------------

Vanquished Creatures
  An ooze (D:3)
  A worm (D:2)
  3 giant geckos
  7 bats
  7 hobgoblins
  6 jackals
  3 giant cockroaches (D:2)
  15 giant newts
  5 goblins
  5 kobolds
  10 rats
63 creatures vanquished.

Notes
Turn   | Place    | Note
--------------------------------------------------------------
     0 | D:1      | gw the Minotaur Gladiator began the quest for the Orb.
     0 | D:1      | Reached XP level 1. HP: 18/18 MP: 0/0
   373 | D:1      | Reached XP level 2. HP: 20/25 MP: 1/1
   390 | D:1      | Reached skill level 4 in Staves
   522 | D:1      | Reached skill level 1 in Armour
  1278 | D:2      | Reached XP level 3. HP: 30/30 MP: 2/2
  1438 | D:2      | Found a faded altar to an unknown god.
  2289 | D:3      | Reached XP level 4. HP: 18/37 MP: 3/3
  2311 | D:3      | HP: 1/37 [poisoned by a kobold]
  2319 | D:3      | Succumbed to a kobold's poison

Action                   |  1- 3 |  4- 6 || total
-------------------------+-------+-------++-------
Melee: Quarterstaff      |    87 |     9 ||    96
Throw: Stone             |   111 |       ||   111
       Tomahawk          |    21 |     4 ||    25
  Eat: Chunk             |     4 |       ||     4

Vault maps used:
D:1:      dpeg_arrival_another_circle, minmay_lizard_king
D:2:      ecumenical_altar_2, first_bread
D:3:      uniq_iyjb
